 Dungeon Sprint DCSS version 0.28-a0-1184-g53156a8862 (webtiles) character file.

Game seed: 5478914962535192186

641 mhtbhm the Protected (level 7, -4/72 HPs)
             Began as a Minotaur Fighter on Dec 17, 2021.
             Was an Initiate of Gozag.
             Slain by an eight-headed hydra (8 damage)
             ... in the Dungeon (Sprint IX: "|||||||||||||||||||||||||||||").
             The game lasted 00:01:30 (631 turns).

mhtbhm the Protected (Minotaur Fighter)              Turns: 631, Time: 00:01:31

Health: -4/72      AC: 15    Str: 22    XL:     7   Next: 26%
Magic:  6/6        EV:  8    Int:  5    God:    Gozag
Gold:   363        SH:  6    Dex: 10    Spells: 6/6 levels left

rFire   . . .      SeeInvis .   a - +0 trident
rCold   . . .      Faith    .   c - +0 buckler
rNeg    . . .      Spirit   .   b - +1 chain mail
rPois   .          Reflect  .   (helmet restricted)
rElec   .          Harm     .   (no cloak)
rCorr   .          Rampage  .   o - +0 pair of gloves
Will    .....      NoTele   +   n - +0 pair of boots
Stlth   ..........              (no amulet)
HPRegen 0.22/turn               (no ring)
MPRegen 0.10/turn               (no ring)

@: mighty, invisible
A: horns 2, retaliatory headbutt
a: Renounce Religion, Potion Petition, Call Merchant, Bribe Branch


You were in the Dungeon.
You worshipped Gozag.
Gozag was aware of your devotion.
You visited 1 branch You collected 603 gold pieces.
You paid 240 gold pieces to Gozag.

Inventory:

Hand Weapons
 a - a +0 trident (weapon)
Armour
 b - a +1 chain mail (worn)
 c - a +0 buckler (worn)
 n - a +0 pair of boots (worn)
 o - a +0 pair of gloves (worn)
Jewellery
 p - a +2 ring of evasion
 q - a +3 ring of dexterity
Wands
 m - a wand of iceblast (7)
Scrolls
 j - 2 scrolls of blinking
 l - 2 scrolls of amnesia
Potions
 d - a potion of might
 e - 5 potions of curing
 f - 2 potions of heal wounds
 g - a potion of haste
 h - 4 potions of magic


   Skills:
 + Level 10.1 Fighting
 + Level 8.7 Polearms
 + Level 10.9 Armour
 + Level 1.3 Dodging
 + Level 3.0 Stealth
 + Level 9.3 Shields
 + Level 0.2 Evocations


You had 6 spell levels left.
You didn't know any spells.
Your spell library was empty.

Dungeon Overview and Level Annotations

Branches:
Dungeon (1/1)

Altars:
Cheibriados
Dithmenos
Elyvilon
Fedhas
Gozag
Hepliaklqana
Kikubaaqudgha
Makhleb
Nemelex Xobeh
Okawaru
Qazlal
Ru
Sif Muna
Trog
Uskayaw
Vehumet
Wu Jian
Xom
Yredelemnul
Zin
The Shining One
Beogh
Jiyva
Lugonu


Innate Abilities, Weirdness & Mutations

You have a pair of horns on your head.
You reflexively headbutt those who attack you in melee.


Message History

The eight-headed hydra completely misses you.
The eight-headed hydra barely misses you.
You block the eight-headed hydra's attack.
The eight-headed hydra bites you but does no damage. x2
The cyclops throws a large rock.
The large rock barely misses the orc wizard.
The large rock hits the eight-headed hydra!!
You hit the eight-headed hydra.
The eight-headed hydra is heavily wounded.
The eight-headed hydra bites you.
You block the eight-headed hydra's attack. x2
The eight-headed hydra bites you but does no damage.
The eight-headed hydra barely misses you. x3
The eight-headed hydra bites you.
You puncture the eight-headed hydra! You headbutt the eight-headed hydra.
The eight-headed hydra is heavily wounded.
The eight-headed hydra bites you!
The eight-headed hydra bites you but does no damage. x2
The eight-headed hydra barely misses you. x2
The eight-headed hydra bites you. The eight-headed hydra bites you!
The eight-headed hydra bites you but does no damage.
You puncture the eight-headed hydra! You headbutt the eight-headed hydra.
The eight-headed hydra is severely wounded.
The eight-headed hydra bites you.
The eight-headed hydra barely misses you.
The eight-headed hydra bites you!
* * * LOW HITPOINT WARNING * * *
The eight-headed hydra bites you but does no damage.
You block the eight-headed hydra's attack.
The eight-headed hydra completely misses you.
The eight-headed hydra bites you.
* * * LOW HITPOINT WARNING * * *
The eight-headed hydra bites you but does no damage.
You hit the eight-headed hydra. You headbutt the eight-headed hydra!
The eight-headed hydra is almost dead.
The eight-headed hydra bites you!
* * * LOW HITPOINT WARNING * * *
The eight-headed hydra bites you!
You die...
Your body crumbles into a pile of gold.

▓.▓
▓T▓
▓l▓
▓9▓
▓C▓
▓o▓
▓D▓
$
▓@▓
$
▓.▓
$ $
▓.▓
$
▓.▓
$
▓.▓
▓.▓
$ $
▓'▓
▓.▓
$
▓.▓


You could see an eight-headed hydra, a cyclops, a troll, a basilisk, a gargoyle
and an orc wizard.

Vanquished Creatures
  2 trolls (D)
  A kobold brigand (D)
  A hound (D)
  An orc wizard (D)
  An ufetubus (D)
  An adder skeleton (D)
  An adder zombie (D)
  2 bats (D)
  An endoplasm (D)
  A hobgoblin (D)
  A ball python skeleton (D)
  A quokka zombie (D)
  A rat (D)
15 creatures vanquished.

Vanquished Creatures (others)
  A yak (D)
1 creature vanquished.

Grand Total: 16 creatures vanquished

Notes
Turn   | Place    | Note
-------+----------+-------------------------------------------
     0 | D        | mhtbhm the Minotaur Fighter began the quest for the Orb.
     0 | D        | Reached XP level 1. HP: 19/19 MP: 0/0
    32 | D        | Noticed a hound
    36 | D        | Reached XP level 2. HP: 28/28 MP: 1/1
    47 | D        | Reached skill level 5 in Fighting
    47 | D        | Reached skill level 5 in Armour
    47 | D        | Reached skill level 5 in Shields
    47 | D        | Reached XP level 3. HP: 19/37 MP: 2/2
   294 | D        | Found a snail-covered altar of Cheibriados.
   294 | D        | Found a shadowy altar of Dithmenos.
   294 | D        | Found a white marble altar of Elyvilon.
   294 | D        | Found a blossoming altar of Fedhas.
   294 | D        | Found an opulent altar of Gozag.
   295 | D        | Found a hazy altar of Hepliaklqana.
   296 | D        | Found a viscous altar of Jiyva.
   297 | D        | Found an ancient bone altar of Kikubaaqudgha.
   298 | D        | Found a corrupted altar of Lugonu.
   299 | D        | Found a burning altar of Makhleb.
   300 | D        | Found a sparkling altar of Nemelex Xobeh.
   301 | D        | Found an iron altar of Okawaru.
   302 | D        | Found a stormy altar of Qazlal.
   304 | D        | Became a worshipper of Gozag Ym Sagoz the Greedy
   306 | D        | Found a sacrificial altar of Ru.
   307 | D        | Found a shimmering blue altar of Sif Muna.
   308 | D        | Found a bloodstained altar of Trog.
   309 | D        | Found a hide-covered altar of Uskayaw.
   310 | D        | Found a radiant altar of Vehumet.
   311 | D        | Found an ornate altar of the Wu Jian Council.
   312 | D        | Found a shimmering altar of Xom.
   313 | D        | Found a basalt altar of Yredelemnul.
   314 | D        | Found a glowing silver altar of Zin.
   315 | D        | Found a glowing golden altar of the Shining One.
   363 | D        | Noticed a kobold brigand
   363 | D        | Noticed a yak
   363 | D        | Noticed a troll
   363 | D        | Noticed a troll
   370 | D        | Killed a troll
   371 | D        | Reached skill level 1 in Stealth
   371 | D        | Reached XP level 4. HP: 49/49 MP: 3/3
   371 | D        | Reached XP level 5. HP: 56/56 MP: 4/4
   373 | D        | Killed a troll
   374 | D        | Reached skill level 10 in Armour
   374 | D        | Reached skill level 1 in Dodging
   374 | D        | Reached XP level 6. HP: 64/64 MP: 5/5
   393 | D        | Killed a yak
   394 | D        | Reached XP level 7. HP: 19/71 MP: 6/6
   397 | D        | Reached skill level 10 in Fighting
   625 | D        | Noticed a troll
   625 | D        | Noticed a basilisk
   625 | D        | Noticed a gargoyle
   625 | D        | Noticed a cyclops
   625 | D        | Noticed an eight-headed hydra
   631 | D        | Slain by an eight-headed hydra

Illustrated notes

Levels and vault maps discovered:
D:        linesprint [early_d, line_temple, items_1, d_10, items_2, lair_1,
          lair_end, items_3, orc_1, orc_end, items_4, d_15, swamp_1, shoals_1,
          snake_1, spider_1, d_20, vaults_1, items_5, swamp_end, shoals_end,
          snake_end, spider_end, vaults_end, d_27, items_6, zot_1, zot_end,
          crypt_end, forest_end, elf_end, slime_end, tomb_end, abyss_end,
          pan_hell_end]

Skill      XL: |  1  2  3  4  5  6  7 |
---------------+----------------------+-----
Fighting       | 4 5 8 9 10 | 10.1
Armour         | 4 5 8 10 | 10.9
Shields        | 4 5 7 8 9 |  9.3
Polearms       | 3 6 8 |  8.7
Stealth        | 1 2 3 |  3.0
Dodging        | 1 |  1.3
Evocations     | |  0.2

Action                   |  1- 3 |  4- 6 |  7- 9 || total
-------------------------+-------+-------+-------++-------
Melee: Trident           |    33 |    10 |    13 ||    56
       Headbutt          |     3 |     3 |     5 ||    11
Invok: Potion Petition   |       |       |     1 ||     1
Evoke: Wand              |       |       |     3 ||     3
  Use: Potion            |     2 |       |     1 ||     3
 Stab: Invisible         |     2 |     1 |       ||     3
Armor: Scale mail        |    13 |       |       ||    13
       Chain mail        |     4 |     1 |    20 ||    25
Dodge: Dodged            |    12 |     3 |    13 ||    28
Block: Buckler           |     4 |     4 |     5 ||    13

Table legend: (Time is in decaauts)
 A = Elapsed time spent in this place.
 B = Non-inter-level travel time spent in this place.
 C = Inter-level travel time spent in this place.
 D = Time resting spent in this place.
 E = Time spent auto-exploring this place.
 F = Levels seen in this place.
 G = Mean time per level.
                   A        B        C        D        E       F      G
               +--------+--------+--------+--------+--------+-----+--------+
         Total |    642 |    642 |      0 |    443 |      3 |   1 |  642.0 |
       Dungeon |    642 |    642 |      0 |    443 |      3 |   1 |  642.0 |
               +--------+--------+--------+--------+--------+-----+--------+

Top non-repeatable levels by time:
       D: 642 daAuts
